 Dungeon Crawl Stone Soup version 0.28.0-43-g3370ac3207 (webtiles) character file.

Game seed: 411490105776353029

2704 maeasthma the Shooter (level 9, -1/44 HPs)
             Began as a Spriggan Arcane Marksman on Mar 8, 2022.
             Was a Believer of Dithmenos.
             Killed from afar by Erica (4 damage)
             ... with an iceblast
             ... on level 8 of the Dungeon on Mar 9, 2022.
             The game lasted 00:51:16 (9427 turns).

maeasthma the Shooter (Spriggan Arcane Marksman)    Turns: 9427, Time: 00:51:17

Health: -1/44      AC:  3    Str: 16    XL:     9   Next: 39%
Magic:  5/18       EV: 20    Int: 15    God:    Dithmenos [**....]
Gold:   164        SH:  0    Dex: 19    Spells: 10/18 levels left

rFire   . . .      SeeInvis +   S - +9 arbalest of Watchfulness {penet, Fly Str+4}
rCold   . . .      Faith    .   (shield currently unavailable)
rNeg    . . .      Spirit   .   C - +0 robe {Will+}
rPois   .          Reflect  .   (helmet restricted)
rElec   .          Harm     .   k - +0 cloak
rCorr   .          Rampage  .   (gloves unavailable)
Will    +++..                   (boots unavailable)
Stlth   ++++......              (no amulet)
HPRegen 0.14/turn               o - ring of willpower
MPRegen 0.16/turn               D - +6 ring of strength

@: flying, wreathed by umbra, very quick
A: very small, no large weapons, unfitting armour, see invisible, speed 3
a: Renounce Religion, Shadow Step


You were on level 8 of the Dungeon.
You worshipped Dithmenos.
Dithmenos was pleased with you.
You visited 2 branches of the dungeon, and saw 9 of its levels.

You collected 263 gold pieces.
You spent 99 gold pieces at shops.

Inventory:

Hand Weapons
 a - a +0 shortbow
 t - the +8 trident of Biduniwk {freeze, Fly Str+8 Int+6 SInv Stlth-}
   (You found it on level 3 of the Dungeon)

   It freezes those it strikes, dealing additional cold damage.
   It can also slow down cold-blooded creatures.
   Str:       It affects your strength (+8).
   Int:       It affects your intelligence (+6).
   SInv:      It lets you see invisible.
   Fly:       It grants you flight.
   Stlth:     It makes you less stealthy.
 A - a +4 whip
 B - a +0 mace of protection
 E - a +2 dagger of venom
 Q - a +4 quarterstaff of chaos
 S - the +9 arbalest of Watchfulness (weapon) {penet, Fly Str+4}
   (You found it on level 7 of the Dungeon)

   Any ammunition fired by it passes through the targets it hits, potentially
   hitting all targets in its path until it reaches maximum range.
   Str:       It affects your strength (+4).
   Fly:       It grants you flight.
Missiles
 b - 29 bolts (quivered ammo)
 c - 107 arrows
 g - 260 stones
 h - 62 sling bullets
 l - 34 poisoned darts
 I - 12 datura-tipped darts
Armour
 d - a +0 robe
 k - a +0 cloak (worn)
 C - a +0 robe of willpower (worn)
 G - an orb of mayhem
Magical Staves
 K - a staff of fire
Jewellery
 o - a ring of willpower (left hand)
 y - a ring of resist corrosion
 D - a +6 ring of strength (right hand)
 P - a ring of ice
Wands
 v - a wand of iceblast (7)
 J - a wand of polymorph (9)
 M - a wand of digging (4)
Scrolls
 j - 2 scrolls of identify
 n - a scroll of holy word {unknown}
 p - 3 scrolls of amnesia
 q - 2 scrolls of fear {unknown}
 r - a scroll of vulnerability {unknown}
 u - 2 scrolls of fog {unknown}
 x - a scroll of immolation {unknown}
 O - 3 scrolls of enchant weapon
 R - 2 scrolls of teleportation {unknown}
Potions
 e - a potion of cancellation {unknown}
 i - a potion of curing
 m - a potion of heal wounds {unknown}
 s - 2 potions of brilliance {unknown}
 w - a potion of haste {unknown}
 F - 2 potions of mutation {unknown}
 H - a potion of berserk rage {unknown}
 L - a potion of flight {unknown}
 N - a potion of degeneration {unknown}


   Skills:
 + Level 3.3 Fighting
 + Level 6.0 Polearms
 + Level 6.4 Bows
 + Level 0.3 Crossbows
 + Level 0.1 Throwing
 + Level 5.6 Dodging
 + Level 4.2 Stealth
 + Level 5.3 Spellcasting
 + Level 0.2 Conjurations
 + Level 5.7 Hexes
 + Level 0.1 Fire Magic
 + Level 0.3 Air Magic
 + Level 0.2 Evocations


You had 10 spell levels left.
You knew the following spells:

 Your Spells              Type           Power      Damage    Failure   Level
a - Slow                  Hex            84%        N/A       1%          1
b - Inner Flame           Hex/Fire       12%        N/A       14%         3
c - Shock                 Conj/Air       16%        1d4       14%         1
d - Swiftness             Air            5%         N/A       38%         3

Your spell library contained the following spells:

 Spells                   Type           Power      Damage    Failure   Level
 Portal Projectile        Hex/Tloc       24%        N/A       14%         3
 Cause Fear               Hex            10%        N/A       14%         4
 Ozocubu's Armour         Ice            4%         N/A       43%         3
 Airstrike                Air            2%         N/A       80%         4
 Summon Lightning Spire   Summ/Air       4%         N/A       82%         4
 Lightning Bolt           Conj/Air       2%         1d13      98%         5
 Ozocubu's Refrigeration  Ice            2%         4d5       100%        7


Dungeon Overview and Level Annotations

Branches:
Dungeon (8/15)             Temple (1/1) D:6
   Lair: D:8-11

Altars:
Ashenzari
Cheibriados
Dithmenos
Elyvilon
Fedhas
Gozag
Hepliaklqana
Kikubaaqudgha
Makhleb
Nemelex Xobeh
Okawaru
Qazlal
Ru
Trog
Uskayaw
Vehumet
Wu Jian
Xom
Yredelemnul
Zin
The Shining One

Shops:
D:1 [   D:2 [   D:4 [

Annotations:
D:8 Erica


Innate Abilities, Weirdness & Mutations

You are very small and have problems with some larger weapons.
You are too small for most types of armour.
You have supernaturally acute eyesight. (SInv)
You cover ground extremely quickly. (Speed+++)


Message History

Aim: a warg (severely wounded, inner flame, umbra, 65% to hit)
You shoot a bolt. The bolt pierces through the warg!
Dithmenos accepts your kill.
The bolt pierces through Erica!
Erica is heavily wounded.
The bolt pierces through the orc!
You kill the orc!
Dithmenos accepts your kill.
The warg explodes!
You hear a shout!
Erica zaps a wand.
The mass of ice explodes!
The iceblast engulfs you!!
Erica screams, "I'll never tell where it is!"
Fire: 33 bolts
Press: ? - help, Q - select action, (/) - cycle Shift-Dir - straight line, f - Erica
Aim: Erica, wielding a +1 scimitar of flaming, wearing a +0 robe and carrying a wand of iceblast (9) (heavily wounded, 68% to hit)
You shoot a bolt. The bolt pierces through Erica!!
Erica is severely wounded.
The bolt pierces through the orc warrior!
The orc warrior is heavily wounded.
Erica zaps a wand.
The mass of ice explodes!
The iceblast engulfs you!
* * * LOW HITPOINT WARNING * * *
Your magical contamination has completely faded away.
You feel better.
Unknown command.
Fire: 32 bolts
Press: ? - help, Q - select action, (/) - cycle Shift-Dir - straight line, f/p - Erica
Aim: Erica, wielding a +1 scimitar of flaming, wearing a +0 robe and carrying a wand of iceblast (8) (severely wounded, 68% to hit)
You shoot a bolt. The bolt closely misses Erica.
Fire: 31 bolts
Press: ? - help, Q - select action, (/) - cycle Shift-Dir - straight line, f/p - Erica
Aim: Erica, wielding a +1 scimitar of flaming, wearing a +0 robe and carrying a wand of iceblast (8) (severely wounded, 68% to hit)
You shoot a bolt. The bolt barely misses Erica.
Fire: 30 bolts
Press: ? - help, Q - select action, (/) - cycle Shift-Dir - straight line, f/p - Erica
Aim: Erica, wielding a +1 scimitar of flaming, wearing a +0 robe and carrying a wand of iceblast (8) (severely wounded, 68% to hit)
You shoot a bolt. The bolt barely misses Erica.
Erica zaps a wand.
The mass of ice explodes!
The iceblast engulfs you!
* * * LOW HITPOINT WARNING * * *
Erica zaps a wand.
The mass of ice explodes!
The iceblast engulfs you.
You die...

####.#####
.......@.#
.#######.#
#.# #.#
#.# #○#
#@# #o#


..ooo.oo# You could see Erica and an orc warrior.

Vanquished Creatures
  Grinder (D:6)
  Sigmund (D:5)
  A warg (D:8)
  Menkaure (D:4)
  Edmund (D:6)
  2 water moccasins
  A sky beast (D:6)
  A black bear (D:6)
  2 necrophages
  2 ogres (D:4)
  3 bullfrogs
  2 kobold brigands (D:7)
  3 scorpions
  2 electric eels (D:7)
  2 jellies
  5 hounds
  A gnoll shaman (D:4)
  Crazy Yiuf (D:6)
  An orc priest (D:4)
  A bullfrog skeleton (D:5)
  3 iguanas
  4 orc wizards
  A killer bee zombie (D:6)
  A hound skeleton (D:4)
  A howler monkey zombie (D:7)
  A howler monkey skeleton (D:4)
  6 adders
  2 white imps (D:6)
  2 ufetubi (D:5)
  A worm (D:3)
  A dart slug (D:3)
  12 orcs
  5 endoplasms
  8 goblins
  8 hobgoblins
  2 quokkas
  5 ball pythons
  4 bats
  A frilled lizard (D:1)
  7 kobolds
  6 rats
115 creatures vanquished.

Vanquished Creatures (collateral kills)
  2 kobolds (D:7)
2 creatures vanquished.

Vanquished Creatures (others)
  A centaur (D:5)
  A centaur skeleton (D:5)
  A jelly (D:5)
  An iguana (D:5)
  An orc (D:5)
  A kobold (D:7)
  A fungus (D:6)
  8 plants
15 creatures vanquished.

Grand Total: 132 creatures vanquished

Notes
Turn   | Place    | Note
-------+----------+-------------------------------------------
     0 | D:1      | maeasthma the Spriggan Arcane Marksman began the quest for
                  | the Orb.
     0 | D:1      | Reached XP level 1. HP: 9/9 MP: 3/3
   331 | D:1      | Reached XP level 2. HP: 14/14 MP: 5/5
   505 | D:1      | Found Bunn's Antique Armour Boutique.
   943 | D:2      | Reached skill level 1 in Fighting
  1068 | D:2      | Found a shadowy altar of Dithmenos.
  1077 | D:2      | Became a worshipper of Dithmenos the Shadowed
  1263 | D:2      | Found Equdgh's Armour Emporium.
  1908 | D:2      | Reached XP level 3. HP: 17/18 MP: 6/6
  2411 | D:3      | Found a stormy altar of Qazlal.
  2690 | D:3      | Identified the +8 trident of Biduniwk {freeze, Fly Str+8
                  | Int+6 SInv Stlth-}
  2797 | D:3      | Learned a level 3 spell: Inner Flame
  2802 | D:3      | Reached XP level 4. HP: 22/22 MP: 7/7
  2819 | D:3      | Reached skill level 5 in Bows
  2970 | D:3      | Reached skill level 1 in Stealth
  3636 | D:4      | Noticed an ogre
  3639 | D:4      | Found Oliogax's Antique Armour Boutique.
  3645 | D:4      | Killed an ogre
  3646 | D:4      | Reached skill level 1 in Polearms
  3646 | D:4      | Reached XP level 5. HP: 25/25 MP: 6/8
  3903 | D:4      | Noticed an ogre
  3913 | D:4      | Killed an ogre
  3914 | D:4      | Reached XP level 6. HP: 30/30 MP: 7/10
  3985 | D:4      | Noticed Menkaure
  4014 | D:4      | Reached * piety under Dithmenos
  4021 | D:4      | Killed Menkaure
  4470 | D:4      | Reached XP level 7. HP: 27/34 MP: 9/12
  4897 | D:4      | Bought an embroidered robe for 99 gold pieces
  4931 | D:5      | Entered Level 5 of the Dungeon
  5261 | D:5      | Reached skill level 5 in Hexes
  5339 | D:5      | Noticed Sigmund
  5389 | D:5      | Killed Sigmund
  5390 | D:5      | Reached XP level 8. HP: 16/39 MP: 15/15
  5736 | D:5      | Found a shimmering altar of Xom.
  6160 | D:6      | Found a snail-covered altar of Cheibriados.
  6293 | D:6      | Found an iron altar of Okawaru.
  6294 | D:6      | Found a burning altar of Makhleb.
  6315 | D:6      | Reached ** piety under Dithmenos
  6546 | D:6      | Noticed Grinder
  6557 | D:6      | Found a staircase to the Ecumenical Temple.
  6568 | D:6      | Killed Grinder
  6569 | D:6      | Reached skill level 5 in Polearms
  6576 | Temple   | Entered the Ecumenical Temple
  6722 | D:6      | Found an ancient bone altar of Kikubaaqudgha.
  6722 | D:6      | Found a sacrificial altar of Ru.
  6724 | D:6      | Found a hazy altar of Hepliaklqana.
  6725 | D:6      | Found a glowing silver altar of Zin.
  6725 | D:6      | Noticed Edmund
  6726 | D:6      | Found an opulent altar of Gozag.
  6726 | D:6      | Found a glowing golden altar of the Shining One.
  6738 | D:6      | Killed Edmund
  6739 | D:6      | Reached skill level 5 in Spellcasting
  6856 | D:6      | Found a runed translucent door.
  6857 | D:6      | Noticed Crazy Yiuf
  6868 | D:6      | Killed Crazy Yiuf
  6999 | D:6      | Reached XP level 9. HP: 24/44 MP: 17/17
  7660 | D:6      | Learned a level 1 spell: Shock
  7664 | D:6      | Learned a level 3 spell: Swiftness
  7922 | D:7      | Found a flagged portal.
  8593 | D:7      | Reached skill level 5 in Dodging
  9022 | D:7      | Identified the +9 arbalest of Watchfulness {penet, Fly
                  | Str+4}
  9407 | D:8      | Noticed Erica
  9427 | D:8      | Killed from afar by Erica

Illustrated notes

Levels and vault maps discovered:
D:1:      amcnicky_arrival_wind_blow, layout_loops_ring, serial_shops,
          shop_fountains
D:2:      layout_basic, basic_altar, serial_shops, shop_statue
D:3:      layout_basic, nicolae_qazlal_eye_of_the_storm
D:4:      cheibrodos_old_hovel, layout_loops_corners, serial_shops,
          nicolae_shop_advertising_works [nicolae_subvault_shop_adworks],
          uniq_menkaure
D:5:      layout_loops_ring, xom_confusion_cloud, uniq_sigmund
D:6:      layout_rooms, grunt_temple_overflow_open, cheibriados_altar_1,
          mainiacjoe_overflow_large_starburst, minmay_temple_entry_large_hall,
          grunt_ministairs_4, uniq_crazy_yiuf_cottage, uniq_grinder, uniq_edmund
D:7:      layout_loops_ring, enter_bailey_2, serial_bayou_lagoon_a
D:8:      due_megacathedral, layout_basic, led_sif_book,
          erik_lair_orcish_takeover, uniq_joseph, uniq_erica, uniq_harold
Temple:   compressed_dpeg_circular_temple

Skill      XL: |  1  2  3  4  5  6  7  8  9 |
---------------+----------------------------+-----
Hexes          | 4 5 |  5.7
Fighting       | 1 2 3 |  3.3
Bows           | 3 4 5 6 |  6.4
Stealth        | 1 3 4 |  4.2
Dodging        | 3 4 5 |  5.6
Polearms       | 1 2 3 5 6 |  6.0
Spellcasting   | 2 3 4 5 |  5.3
Crossbows      | |  0.3
Throwing       | |  0.1
Conjurations   | |  0.2
Fire Magic     | |  0.1
Air Magic      | |  0.3
Evocations     | |  0.2

Action                   |  1- 3 |  4- 6 |  7- 9 || total
-------------------------+-------+-------+-------++-------
Melee: Trident           |     5 |    66 |   167 ||   238
 Fire: Shortbow          |   115 |     8 |     3 ||   126
       Arbalest          |       |       |    11 ||    11
Throw: Dart              |       |       |     2 ||     2
 Cast: Slow              |       |    17 |     9 ||    26
       Shock             |       |       |     9 ||     9
       Inner Flame       |       |       |     5 ||     5
Evoke: Wand              |       |       |     2 ||     2
  Use: Potion            |     1 |       |     2 ||     3
       Scroll            |       |       |     2 ||     2
 Stab: Distracted        |       |       |     1 ||     1
       Sleeping          |       |       |     1 ||     1
Armor: Robe              |     6 |     7 |    18 ||    31
Dodge: Dodged            |    25 |    41 |   135 ||   201
